 Dungeon Crawl Stone Soup version 0.25.1-2-g60ff931df9 (webtiles) character file.

Game seed: 2021175727812894970

2884 nicanaca0 the Cleaver (level 9, 0/79 HPs)
             Began as a Minotaur Berserker on Oct 1, 2020.
             Was an Elder of Trog.
             Killed from afar by an electric eel (9 damage)
             ... with a bolt of electricity
             ... on level 7 of the Dungeon.
             The game lasted 00:14:59 (6812 turns).

nicanaca0 the Cleaver (Minotaur Berserker)          Turns: 6812, Time: 00:15:00

Health: 0/79       AC: 10    Str: 21    XL:     9   Next: 48%
Magic:  8/8        EV: 14    Int:  7    God:    Trog [****..]
Gold:   372        SH:  0    Dex: 11    Spells: 8/8 levels left

rFire    . . .     SeeInvis .   a - +2 hand axe (elec)
rCold    . . .     Gourm    .   q - +0 buckler
rNeg     . . .     Faith    .   g - +0 ring mail
rPois    +         Spirit   .   (helmet restricted)
rElec    .         Reflect  .   H - +0 cloak
rCorr    .         Harm     .   D - +0 pair of gloves
MR       .....                  r - +0 pair of boots
Stlth    ..........             (no amulet)
HPRegen  0.23/turn              m - ring of poison resistance
MPRegen  0.11/turn              B - +4 ring of evasion

@: confused, hasted, very quick
A: retaliatory headbutt, horns 2
a: Berserk, Trog's Hand, Brothers in Arms, Renounce Religion


You were on level 7 of the Dungeon.
You worshipped Trog.
Trog was greatly pleased with you.
You were hungry.

You visited 1 branch of the dungeon, and saw 7 of its levels.

You collected 372 gold pieces.

Inventory:

Hand Weapons
 a - a +2 hand axe of electrocution (weapon)
 k - a +0 flail
 v - a +0 war axe
 G - a +0 hand axe of electrocution
Missiles
 w - 21 poisoned darts (quivered)
Armour
 g - a +0 ring mail (worn)
 q - a +0 buckler (worn)
 r - a +0 pair of boots (worn)
 D - a +0 pair of gloves (worn)
 H - a +0 cloak (worn)
Jewellery
 m - a ring of poison resistance (left hand)
 B - a +4 ring of evasion (right hand)
Wands
 f - a wand of disintegration (13)
 F - a wand of acid (6)
Scrolls
 b - 2 scrolls of enchant armour {unknown}
 e - 4 scrolls of remove curse
 h - a scroll of immolation {unknown}
 l - 3 scrolls of teleportation
 n - a scroll of identify
 o - a scroll of random uselessness
 p - a scroll of noise {unknown}
 A - 3 scrolls of amnesia
 E - a scroll of magic mapping {unknown}
Potions
 d - a potion of degeneration
 i - 5 potions of curing
 j - 2 potions of heal wounds {unknown}
 s - 2 potions of ambrosia
 t - a potion of stabbing
 u - a potion of haste
 x - 2 potions of mutation {unknown}
 z - a potion of brilliance
 C - a potion of resistance {unknown}
Miscellaneous
 y - a lightning rod (4/4)
Comestibles
 c - 11 rations


   Skills:
 + Level 7.6 Fighting
 * Level 12.7 Axes
 - Level 0.5(8.3) Maces & Flails
 + Level 7.0 Armour
 - Level 2.1 Dodging


You had 8 spell levels left.
You didn't know any spells.
Your spell library was empty.

Dungeon Overview and Level Annotations

Branches:
Dungeon (7/15)             Temple (0/1) D:5

Altars:
Dithmenos
Elyvilon
Okawaru
Qazlal
Trog
Zin

Shops:
D:4 *


Innate Abilities, Weirdness & Mutations

You reflexively headbutt those who attack you in melee.
You have a pair of horns on your head.


Message History

You slash the electric eel!
The electric eel is severely wounded.
You hit the plant but do no damage. x2; Lightning courses through the plant!
You destroy the plant!
The electric eel shoots out a bolt of lightning at you!
The bolt of electricity hits you.
* * * LOW HITPOINT WARNING * * *
The electric eel shoots out a bolt of lightning at you!
The bolt of electricity hits you.
* * * LOW HITPOINT WARNING * * *
It was a potion of ambrosia.
You are confused.
You feel invigorated.
The electric eel shoots out a bolt of lightning at you!
The bolt of electricity hits you!
* * * LOW HITPOINT WARNING * * *
It was a potion of haste.
You feel yourself speed up.
The electric eel shoots out a bolt of lightning at you!
The bolt of electricity hits you!
You die...

............## #. .##........##
#### #. #####.....## ##..## ##.
## ###.#..####....## #.[ .###
###..##.......# #.. ...###
#.P.PP≈.....## #.# .....#
##P≈≈≈P≈P.....## ####.#
....####PP≈P♣≈≈P......######.....
...## #..≈♣♣♣♣♣.@.....##.....###.
..## #PPP≈♣ ♣;..........##..###
.## #P.≈♣♣ ♣;≈.....####....... ##
##PP♣ ♣♣≈≈P.....# ##.......
##≈≈♣P≈≈≈≈P...## #........
#PP≈≈≈≈P.....# ##........
##.PP≈.<....## #.........
##.##......# #......... #..#
#..........


You could see 2 electric eels.

Vanquished Creatures
  Grinder (D:3)
  An orc warrior (D:6)
  A sky beast (D:5)
  An ice beast (D:6)
  A necrophage (D:6)
  4 phantoms
  A centaur (D:6)
  Blork the orc (D:5)
  5 bullfrogs (D:6)
  A gnoll sergeant (D:5)
  5 scorpions
  3 howler monkeys
  5 electric eels (D:7)
  3 hounds
  5 orc priests
  A jelly (D:5)
  An iguana (D:6)
  Terence (D:2)
  Jessica (D:2)
  Natasha (twice) (D:2)
  2 orc wizards (D:5)
  3 worker ants
  A hound zombie (D:7)
  A hound skeleton (D:5)
  2 worker ant zombies (D:5)
  Robin (D:2)
  A howler monkey skeleton (D:5)
  6 gnolls (D:5)
  2 river rats (D:5)
  9 adders
  A shadow imp (D:5)
  3 adder zombies (D:5)
  6 worms
  A dart slug (D:1)
  9 leopard geckos
  19 orcs
  5 giant cockroaches
  14 goblins
  8 hobgoblins
  10 jackals
  6 kobolds
  2 quokkas (D:7)
  8 bats
  4 frilled lizards
  10 rats
  A plant (D:7)
179 creatures vanquished.

Notes
Turn   | Place    | Note
-------+----------+-------------------------------------------
     0 | D:1      | nicanaca0 the Minotaur Berserker began the quest for the
                  | Orb.
     0 | D:1      | Reached XP level 1. HP: 19/19 MP: 0/0
   100 | D:1      | Reached skill level 4 in Axes
   184 | D:1      | Reached XP level 2. HP: 16/26 MP: 1/1
   841 | D:2      | Found a faded altar of an unknown god.
   845 | D:2      | Noticed Terence
   846 | D:2      | Noticed Natasha
   851 | D:2      | Killed Terence
   851 | D:2      | Reached skill level 5 in Axes
   851 | D:2      | Reached XP level 3. HP: 31/31 MP: 2/2
   856 | D:2      | Killed Natasha
   856 | D:2      | Reached skill level 6 in Axes
   856 | D:2      | Reached XP level 4. HP: 39/39 MP: 3/3
  1002 | D:2      | Reached ** piety under Trog
  1126 | D:2      | Noticed Robin
  1135 | D:2      | Killed Robin
  1280 | D:2      | Reached XP level 5. HP: 45/45 MP: 4/4
  1428 | D:2      | Noticed Jessica
  1439 | D:2      | Killed Jessica
  1439 | D:2      | Reached skill level 7 in Axes
  1463 | D:2      | Noticed Natasha
  1472 | D:2      | Killed Natasha
  1957 | D:3      | Noticed Grinder
  1985 | D:3      | Killed Grinder
  1985 | D:3      | Reached skill level 8 in Axes
  1985 | D:3      | Reached XP level 6. HP: 51/51 MP: 5/5
  2026 | D:3      | Reached skill level 9 in Axes
  2452 | D:4      | Reached *** piety under Trog
  2734 | D:4      | Found a glowing silver altar of Zin.
  2734 | D:4      | Found Zin's Purification Station.
  2750 | D:4      | Reached XP level 7. HP: 38/58 MP: 6/6
  3307 | D:4      | Found a stormy altar of Qazlal.
  3312 | D:4      | Found an iron altar of Okawaru.
  3313 | D:4      | Found a white marble altar of Elyvilon.
  3314 | D:4      | Found a bloodstained altar of Trog.
  3396 | D:5      | Entered Level 5 of the Dungeon
  3457 | D:5      | Reached skill level 10 in Axes
  3534 | D:5      | Noticed Blork the orc
  3548 | D:5      | Killed Blork the orc
  3634 | D:5      | Found a staircase to the Ecumenical Temple.
  3735 | D:5      | Reached skill level 5 in Fighting
  4067 | D:5      | Reached XP level 8. HP: 68/68 MP: 7/7
  4198 | D:5      | Reached **** piety under Trog
  4422 | D:5      | Reached skill level 11 in Axes
  4422 | D:5      | Reached skill level 5 in Armour
  4977 | D:6      | Found a shadowy altar of Dithmenos.
  4981 | D:6      | Reached XP level 9. HP: 69/78 MP: 8/8
  4993 | D:6      | Reached skill level 12 in Axes
  6812 | D:7      | Killed from afar by an electric eel

Illustrated notes

Levels and vault maps discovered:
D:1:      dpeg_arrival_prison, layout_rooms
D:2:      layout_basic, first_ration, chequers_ecumenical_altar_simple,
          uniq_natasha, uniq_jessica, uniq_terence, uniq_robin
D:3:      layout_rooms, uniq_grinder
D:4:      layout_basic, zin_purify, minitemple
D:5:      kennysheep_windowed_halls, layout_rooms,
          minmay_temple_entry_statues_fountains, gup_sewer_entry_spiral,
          serial_rivers, chequers_serial_rivers_small_b,
          chequers_serial_rivers_small_b, chequers_serial_rivers_marsh,
          chequers_serial_rivers_micro_a, chequers_serial_rivers_micro_b,
          uniq_blork_the_orc
D:6:      layout_rooms, nicolae_dithmenos_shadow_blocks
D:7:      layout_cave_pods, serial_bayou, serial_bayou_pond_c,
          serial_bayou_pond_d, serial_bayou_crossing, serial_bayou_shore_a,
          serial_bayou_lagoon_a, serial_bayou_ford_a

Skill      XL: |  1  2  3  4  5  6  7  8  9 |
---------------+----------------------------+-----
Axes           | 4 5 6 8 9 10 11 12 | 12.7
Fighting       | 5 6 7 |  7.6
Armour         | 4 6 7 |  7.0
Maces & Flails | |  0.5
Dodging        | |  2.1

Action                   |  1- 3 |  4- 6 |  7- 9 || total
-------------------------+-------+-------+-------++-------
Melee: Hand axe          |    48 |   119 |   210 ||   377
       Headbutt          |     7 |    19 |    32 ||    58
       War axe           |       |    28 |    43 ||    71
       Flail             |       |    20 |       ||    20
Throw: Dart              |       |       |     3 ||     3
Invok: Berserk           |     1 |       |       ||     1
       Trog's Hand       |       |     1 |     3 ||     4
  Use: Scroll            |       |       |     9 ||     9
       Potion            |       |       |     3 ||     3
  Eat: Chunk             |       |     7 |    14 ||    21
Armor: Ring mail         |    19 |    53 |    56 ||   128
Dodge: Dodged            |    32 |    78 |   133 ||   243
Block: Buckler           |       |    10 |    27 ||    37
